AoeStats
← R94

Arabia

508364743Analyzed
1v1 RM · 11d ago on Sep 22, 2026· 48m 27s· 2 players
Game mode
Random Map
Map size
Tiny (2 player)
Population
200
Speed
Normal
Resources
Standard
Victory
Conquest
Starting age
Dark Age
Ending age
Imperial Age
RankedLock teamsTeams togetherTeam positionsShared explorationLock speedFull tech treeHidden civsTurbo modeCheats
Victory
Defeat
🇺🇾 Muisca · Uruguay
769
+18
🇲🇽 Bulgarians · Mexico
813
-18
Manuel95
5:59 Loom
11:19 Feudal Age
11:45 Double-Bit Axe
12:08 Gold Mining
14:38 Horse Collar
14:42 Champi Runner
16:31 Forging
16:21 Scale Mail Armor
17:49 Scale Mail Armor
19:44 Wheelbarrow
19:22 Fletching
22:08 Stone Mining
24:53 Castle Age
23:16 Padded Archer Armor
23:35 Town Watch
24:35 Wheelbarrow
25:48 Squires
25:11 Pikeman
25:12 Champi Warrior
26:46 Bow Saw
27:29 Iron Casting
27:09 Chain Mail Armor
30:07 Gold Shaft Mining
29:43 Heavy Plow
31:58 Town Patrol
32:55 Stone Shaft Mining
32:55 Chain Mail Armor
34:01 Hand Cart
35:12 Herbalism
35:23 Herbalism
35:24 Bodkin Arrow
35:44 Leather Archer Armor
38:13 Ballistics
37:49 Murder Holes
38:17 Ballistics
37:38 Treadmill Crane
38:09 Masonry
40:33 Imperial Age
38:19 Fervor
38:29 Sanctity
41:43 Conscription
42:30 Plate Mail Armor
43:15 Elite Champi Warrior
43:17 Elite Temple Guard
44:24 Elite Guecha Warrior
45:26 Conscription
47:17 Huaracas
R94
11:22 Feudal Age
11:52 Double-Bit Axe
13:32 Wheelbarrow
13:50 Horse Collar
16:02 Arson
16:32 Loom
18:51 Town Watch
22:10 Castle Age
21:28 Forging
21:36 Bloodlines
22:28 Scale Barding Armor
23:06 Husbandry
23:44 Iron Casting
24:01 Bow Saw
24:02 Gold Mining
26:03 Stone Mining
28:26 Gold Shaft Mining
28:33 Stone Shaft Mining
28:35 Fervor
28:55 Heavy Plow
34:56 Imperial Age
34:47 Chain Barding Armor
36:41 Conscription
37:30 Ballistics
39:51 Blast Furnace
40:26 Parthian Tactics
41:14 Stirrups
42:44 Chemistry
43:09 Murder Holes
44:00 Heavy Cavalry Archer
46:06 Fletching
Connection lost

Rejoining the realm…

Still unreachable

The connection could not be restored.

Session expired

The server has moved on; the page needs a fresh start.